 Dungeon Crawl Stone Soup version 0.28-a0-932-g843f935a50 (webtiles) character file.

Game seed: 15804437718729817504

9 Sobieck the Caller (level 2, 0/11 HPs)
             Began as a Felid Summoner on Nov 27, 2021.
             Slain by a bat (1 damage)
             ... on level 1 of the Dungeon.
             The game lasted 00:03:01 (193 turns).

Sobieck the Caller (Felid Summoner)                  Turns: 193, Time: 00:03:01

Health: 0/11       AC:  1    Str:  4    XL:     2   Next: 6%
Magic:  3/6        EV: 17    Int: 16    God:
Gold:   11         SH:  0    Dex: 16    Spells: 2/5 levels left
                                        Lives:  0   Deaths: 0

rFire   . . .      SeeInvis +   (weapon unavailable)
rCold   . . .      Faith    .   (shield unavailable)
rNeg    . . .      Spirit   .   (armour unavailable)
rPois   .          Reflect  .   (helmet unavailable)
rElec   .          Harm     .   (cloak unavailable)
rCorr   .          Rampage  .   (gloves unavailable)
Will    .....                   (boots unavailable)
Stlth   ++........              (no amulet)
HPRegen 0.03/turn               (no ring)
MPRegen 0.10/turn               (no ring)

@: quick
A: very small, claws 1, fangs 3, see invisible, speed 1, shaggy fur 1, stealthy
paws, no weapons or thrown items, no armour, multi-lived
a: no special abilities


You were on level 1 of the Dungeon.
You visited 1 branch of the dungeon, and saw 1 of its levels.

You collected 11 gold pieces.


Innate Abilities, Weirdness & Mutations

You have sharp claws.
You have razor-sharp teeth.
You have supernaturally acute eyesight. (SInv)
You cover ground quickly. (Speed+)
You are covered in fur. (AC +1)
Your paws help you pounce on unaware monsters.
You are incapable of wielding weapons or throwing items.
You cannot wear armour.
You gain extra lives every three experience levels.


   Skills:
 - Level 2.6 Dodging
 - Level 2.6 Stealth
 + Level 2.3 Spellcasting
 + Level 4.2 Summonings


You had 2 spell levels left.
You knew the following spells:

 Your Spells              Type           Power      Damage    Failure   Level
a - Summon Small Mammal   Summ           60%        N/A       3%          1
b - Call Imp              Summ           15%        N/A       5%          2

Your spell library contained the following spells:

 Spells                   Type           Power      Damage    Failure   Level
 Call Canine Familiar     Summ           15%        N/A       11%         3
 Summon Guardian Golem    Hex/Summ       8%         N/A       26%         3
 Summon Lightning Spire   Summ/Air       8%         N/A       63%         4

You aren't carrying anything.

Dungeon Overview and Level Annotations

Branches:
Dungeon (1/15)

Altars:

......##.#.#
#...........###
#.........†...
#........##..##### #
#........##......###.#
#........##).......#.#####
.....§...##.#####...(.....
.>.....r........#.........
#.##.#..@..>...#.##......
#..5..#b.......#.##......
...##.....................
#..............####.....
#...#.##........#........
#.#.#...........#§.......
...# ###......)...>.......
.# ##...).............
####............####.


You could see a bat, a friendly crimson imp (summoned) and a friendly quokka
(summoned).


Message History

The frilled lizard barely misses your bat.
The kobold misses your bat.
Your bat barely misses the giant cockroach.
Your quokka closely misses the giant cockroach.
The giant cockroach bites your quokka.
Your quokka bites the giant cockroach.
The giant cockroach misses your quokka.
Your bat hits the frilled lizard.
The frilled lizard closely misses your bat.
Your bat barely misses the frilled lizard.
Your quokka bites the giant cockroach.
The giant cockroach dies!
Found a spear.
Found a faded altar of an unknown god.
The frilled lizard barely misses your quokka.
Your bat completely misses the kobold.
Your quokka closely misses the kobold.
The frilled lizard bites your quokka.
Your quokka barely misses the frilled lizard.
The kobold hits your quokka with a +0 dagger.
The frilled lizard barely misses your quokka.
Your bat hits the kobold but does no damage.
Your quokka closely misses the frilled lizard.
The kobold barely misses your quokka.
The frilled lizard barely misses your quokka.
Your bat hits the kobold.
Your quokka bites the frilled lizard.
The frilled lizard dies!
The kobold hits your quokka with a +0 dagger.
Your quokka dies!
Your quokka's corpse disappears in a puff of smoke!
You have reached level 2!
Casting: Summon Small Mammal (safe; 3% risk of failure)
Confirm with . or Enter, or press ? or * to list all spells.
Your bat hits the kobold.
Your bat barely misses the kobold.
Your bat closely misses the kobold.
Your bat closely misses the kobold.
Your bat hits the kobold but does no damage.
Your bat barely misses the kobold.
Your bat misses the kobold. The kobold misses your bat.
Your bat closely misses the kobold.
Your bat hits the kobold but does no damage.
Your bat barely misses the kobold.
The kobold hits your bat but does no damage.
Your bat barely misses the kobold.
The kobold hits your bat with a +0 dagger.
Your bat hits the kobold but does no damage.
Your bat closely misses the kobold.
Your bat misses the kobold.
You catch the helpless kobold completely off-guard!
You scratch the kobold.
You kill the kobold!
Your bat disappears in a puff of smoke!
Found a stone staircase leading down.
Memorise Call Imp, consuming 2 spell levels and leaving 2?
You start memorising the spell.
You continue memorising. x2
You finish memorising.
Spell assigned to 'b'.
Unknown command.
A quokka comes into view.
Danger!
Unknown command.
Your bat disappears in a puff of smoke!
Unknown command.
Casting: Summon Small Mammal (safe; 3% risk of failure)
Confirm with . or Enter, or press ? or * to list all spells.
A beastly little devil appears in a puff of flame.
Your quokka misses the quokka. The quokka barely misses you.
Your crimson imp hits the quokka but does no damage.
Your rat barely misses the quokka.
A quokka is nearby!
Unknown command.
You closely miss the quokka.
Something hits your rat but does no damage. x3
Your quokka misses the quokka. The quokka bites you.
Your crimson imp hits the quokka.
Your rat barely misses the quokka.
You are too injured to fight recklessly!
You are too injured to fight recklessly!
Unknown command.
You miss the quokka. Your bite misses the quokka.
Something closely misses your rat. Something hits your rat.
Your quokka closely misses the quokka.
Something misses your rat. The quokka misses you.
Your crimson imp barely misses the quokka.
Your rat bites the quokka but does no damage.
You closely miss the quokka. Something hits your rat.
Something hits your rat but does no damage.
Your quokka closely misses the quokka.
Something hits your rat.
Your rat dies!
Your rat's corpse disappears in a puff of smoke!
The quokka closely misses you.
Your quokka bites the quokka.
Your crimson imp hits the quokka.
You scratch the quokka. The quokka bites you.
* * * LOW HITPOINT WARNING * * *
Your quokka closely misses the quokka.
Your crimson imp blinks!
Unknown command.
You barely miss the quokka. The quokka bites you.
* * * LOW HITPOINT WARNING * * *
Your quokka barely misses the quokka.
The quokka closely misses you.
Your quokka closely misses the quokka.
Your quokka bites the quokka.
The quokka dies!
The bat hits you.
You die...

Action                   || total
-------------------------++-------
Melee: Unarmed           ||     6
 Cast: Summon Small Mamm ||    10
       Call Imp          ||     1
 Stab: Distracted        ||     1
Dodge: Dodged            ||     4

Levels and vault maps discovered:
D:1:      matt_arrival_refuge, layout_rooms, ebering_ecumenical_altar_rust

Notes
Turn   | Place    | Note
-------+----------+-------------------------------------------
     0 | D:1      | Sobieck the Felid Summoner began the quest for the Orb.
     0 | D:1      | Reached XP level 1. HP: 7/7 MP: 4/4
   139 | D:1      | Found a faded altar of an unknown god.
   145 | D:1      | Reached XP level 2. HP: 11/11 MP: 4/6
   181 | D:1      | Learned a level 2 spell: Call Imp
   191 | D:1      | HP: 1/11 [quokka (3)]
   193 | D:1      | Slain by a bat

Vanquished Creatures
  A kobold (D:1)
1 creature vanquished.

Vanquished Creatures (collateral kills)
  An endoplasm (D:1)
  A giant cockroach (D:1)
  2 goblins (D:1)
  A quokka (D:1)
  A frilled lizard (D:1)
  2 kobolds (D:1)
8 creatures vanquished.

Grand Total: 9 creatures vanquished

Table legend:
 A = Non-vault XP
 B = Vault XP
 C = Vault XP percentage of total XP
 D = Non-vault monster count
 E = Vault monster count
 F = Vault count percentage of total count
                 A         B        C        D         E       F
            +---------+---------+-------+---------+---------+-------
      Total |      16 |       0 |   0.0 |       9 |       0 |   0.0
            +---------+---------+-------+---------+---------+-------
        D:1 |      16 |       0 |   0.0 |       9 |       0 |   0.0
            +---------+---------+-------+---------+---------+-------

Illustrated notes

Table legend:
 A = Kills in this place as a percentage of kills in entire the game.
 B = Kills by you in this place as a percentage of kills by you in the entire game.
 C = Kills by friends in this place as a percentage of kills by friends in the entire game.
 D = Other kills in this place as a percentage of other kills in the entire game.
 E = Experience gained in this place as a percentage of experience gained in the entire game.
 F = Experience gained in this place divided by the number of levels of this place that you have seen.
                   A       B       C       D       E      F
               +-------+-------+-------+-------+-------+----------------------
         Total | 100.0 | 100.0 | 100.0 |   N/A | 100.0 |  16.0
       Dungeon | 100.0 | 100.0 | 100.0 |   N/A | 100.0 |  16.0
               +-------+-------+-------+-------+-------+----------------------

Table legend: (Time is in decaauts)
 A = Elapsed time spent in this place.
 B = Non-inter-level travel time spent in this place.
 C = Inter-level travel time spent in this place.
 D = Time resting spent in this place.
 E = Time spent auto-exploring this place.
 F = Levels seen in this place.
 G = Mean time per level.
                   A        B        C        D        E       F      G
               +--------+--------+--------+--------+--------+-----+--------+
         Total |    175 |    175 |      0 |      0 |     90 |   1 |  175.0 |
       Dungeon |    175 |    175 |      0 |      0 |     90 |   1 |  175.0 |
               +--------+--------+--------+--------+--------+-----+--------+

Top non-repeatable levels by time:
     D:1: 175 daAuts
